 Dungeon Crawl Stone Soup version 0.28-a0-1510-gd0f6b136d3 (webtiles) character file.

Game seed: 7023312776402554167

108294 porpoise the Grappler (level 16, -4/122 (127) HPs)
             Began as a Demonspawn Gladiator on Jan 15, 2022.
             Was a High Priest of Nemelex Xobeh.
             Slain by a pharaoh ant (19 damage)
             ... on level 2 of the Spider Nest on Jan 16, 2022.
             The game lasted 03:36:32 (35943 turns).

porpoise the Grappler (Demonspawn Gladiator)       Turns: 35943, Time: 03:36:39

HP:   -4/122 (127)  AC: 25    Str: 16 (18) XL:     16   Next: 2%
MP:   0/25          EV: 15    Int: 21      God:    Nemelex Xobeh [*****.]
Gold: 901           SH:  4    Dex: 20      Spells: 14/21 levels left

rFire   + + +      SeeInvis +     - Unarmed
rCold   + . .      Faith    .   (no shield)
rNeg    . . .      Spirit   +   F - +9 scale mail "Raikuoc" {Regen+ Int+2}
rPois   +          Reflect  .   a - +1 helmet
rElec   .          Harm     .   T - scarf {rC+ rF+}
rCorr   +          Rampage  .   (no gloves)
Will    +....                   (no boots)
Stlth   ..........              c - amulet "Lyfeised" {Spirit rF+++ rCorr Slay+5 Stlth-}
HPRegen 1.10/turn               e - ring of Wiutefuwn {AC+4 Dex+4 SInv}
MPRegen 0.19/turn               k - ring "Xufuxer" {rPois Int+6}

@: slowed, lightly drained, very slow
A: claws 2, foul stench 2, sharp scales 2, condensation shield
a: Renounce Religion, Draw Escape, Draw Destruction, Draw Summoning, Draw Stack,
Triple Draw, Deal Four, Stack Five


You were on level 2 of the Spider Nest.
You worshipped Nemelex Xobeh.
Nemelex Xobeh was extremely pleased with you.
You visited 5 branches of the dungeon, and saw 26 of its levels.
You also visited: Sewer, Bailey and Gauntlet.

You collected 2427 gold pieces.
You spent 1526 gold pieces at shops.

Inventory:

Hand Weapons
 b - the +3 sling "Punk" {acid, rCorr}
   (You bought it in a shop on level 2 of the Orcish Mines)

   Any ammunition fired from it is coated in acid, damaging and corroding those
   it strikes.
   rCorr:     It protects you from acid and corrosion.
Missiles
 g - 667 stones
 t - 3 datura-tipped darts
 D - a curare-tipped dart (quivered)
 G - 38 sling bullets
Armour
 a - a +1 helmet (worn)
 q - a +1 kite shield of reflection
 E - the +4 moon troll leather armour {Spirit, Regen++ MP+5}
   (You found it in a bailey)

   MP:        It affects your magic capacity (+5).
   Regen:     It increases your rate of health regeneration.
 F - the +9 scale mail "Raikuoc" (worn) {Regen+ Int+2}
   (You found it on level 1 of the Spider Nest)

   Int:       It affects your intelligence (+2).
   Regen:     It increases your rate of health regeneration.
 T - a scarf of resistance (worn)
Jewellery
 c - the amulet "Lyfeised" (around neck) {Spirit rF+++ rCorr Slay+5 Stlth-}
   (You acquired it on level 2 of the Lair of Beasts)

   [amulet of guardian spirit]

   It causes incoming damage to be divided between your reserves of health and
   magic.
   Slay:      It affects your accuracy & damage with ranged weapons and melee
   (+5).
   rF:        It renders you almost immune to fire.
   rCorr:     It protects you from acid and corrosion.
   Stlth:     It makes you less stealthy.
 e - the ring of Wiutefuwn (left claw) {AC+4 Dex+4 SInv}
   (You acquired it on level 2 of the Lair of Beasts)

   [ring of protection]

   AC:        It affects your AC (+4).
   Dex:       It affects your dexterity (+4).
   SInv:      It lets you see invisible.
 k - the ring "Xufuxer" (right claw) {rPois Int+6}
   (You acquired it on level 5 of the Dungeon)

   [ring of intelligence]

   Int:       It affects your intelligence (+6).
   rPois:     It protects you from poison.
 y - a ring of flight
 R - a ring of positive energy
Wands
 n - a wand of paralysis (8)
 r - a wand of digging (12)
 s - a wand of charming (5)
 x - a wand of mindburst (4)
 z - a wand of acid (7)
 M - a wand of polymorph (14)
 P - a wand of flame (21)
 V - a wand of iceblast (20)
Scrolls
 h - a scroll of vulnerability
 j - 2 scrolls of fog
 o - 3 scrolls of magic mapping
 u - 5 scrolls of teleportation
 H - 2 scrolls of fear
 K - 14 scrolls of identify
 O - 2 scrolls of silence
 U - 3 scrolls of summoning
Potions
 d - 4 potions of might
 f - 4 potions of curing
 l - 2 potions of lignification
 p - 3 potions of ambrosia
 v - 5 potions of heal wounds
 A - a potion of berserk rage
 B - 5 potions of cancellation
 C - 3 potions of invisibility
 I - a potion of haste
 J - a potion of mutation
 Z - 3 potions of attraction
Miscellaneous
 i - a phantom mirror
 m - a condenser vane
 w - a box of beasts


   Skills:
 - Level 12.2 Fighting
 - Level 4.0(5.2) Polearms
 - Level 5.3(6.0) Staves
 - Level 7.8(8.0) Slings
 - Level 6.0 Bows
 - Level 1.7(5.2) Throwing
 - Level 9.0 Armour
 - Level 9.0 Dodging
 * Level 3.3 Stealth
 * Level 5.3 Shields
 - Level 13.1 Unarmed Combat
 - Level 3.0 Spellcasting
 + Level 4.1 Transmutations
 - Level 12.0 Invocations
 - Level 5.5 Evocations


You had 14 spell levels left.
You knew the following spells:

 Your Spells              Type           Power      Damage    Failure   Level
v - Borgnjor's Vile Clut  Necr/Erth      1%         N/A       100%        5
w - Wereblood             Tmut           20%        N/A       11%         2

Your spell library contained the following spells:

 Spells                   Type           Power      Damage    Failure   Level
 Static Discharge         Conj/Air       3%         N/A       50%         2
 Sublimation of Blood     Necr           3%         N/A       50%         2
 Ignite Poison            Fire/Tmut/Pois 8%         N/A       54%         3
 Conjure Flame            Conj/Fire      3%         6-21      75%         3
 Gell's Gravitas          Tloc           3%         N/A       75%         3
 Stone Arrow              Conj/Erth      6%         3d7       75%         3
 Teleport Other           Tloc           3%         N/A       75%         3
 Tukima's Dance           Hex            3%         N/A       75%         3
 Anguish                  Hex/Necr       1%         N/A       98%         4
 Animate Armour           Summ/Erth      6%         N/A       98%         4
 Passage of Golubria      Tloc           3%         N/A       98%         4
 Sticky Flame             Conj/Fire      3%         2d3       98%         4
 Alistair's Intoxication  Tmut/Pois      7%         N/A       99%         5
 Yara's Violent Unravell  Hex/Tmut       5%         3d4       99%         5
 Lightning Bolt           Conj/Air       1%         1d12      100%        5
 Summon Forest            Summ/Tloc      1%         N/A       100%        5
 Summon Mana Viper        Hex/Summ       3%         N/A       100%        5
 Dispersal                Tloc           1%         N/A       100%        6
 Eringya's Noxious Bog    Tmut/Pois      5%         N/A       100%        6
 Summon Cactus Giant      Summ           1%         N/A       100%        6
 Enfeeble                 Hex            1%         N/A       100%        7
 Summon Hydra             Summ           1%         N/A       100%        7
 Lehudib's Crystal Spear  Conj/Erth      1%         10d2      100%        8
 Maxwell's Capacitive Co  Air            1%         ∞         100%        8


Dungeon Overview and Level Annotations

Branches:
Dungeon (15/15)            Temple (1/1) D:5            Lair (6/6) D:11
 Shoals (0/4) Lair:2       Spider (2/4) Lair:3        Slime (0/5) Lair:6
    Orc (2/2) D:12            Elf (0/3) Orc:2        Vaults (0/5) D:13
 Depths (0/4) D:15          Sewer (visited)          Bailey (visited)
Gauntlet (visited)

Altars:
Ashenzari
Cheibriados
Dithmenos
Elyvilon
Fedhas
Gozag
Hepliaklqana
Kikubaaqudgha
Makhleb
Nemelex Xobeh
Okawaru
Qazlal
Ru
Sif Muna
Trog
Uskayaw
Vehumet
Wu Jian
Xom
Yredelemnul
Zin
The Shining One
Beogh

Shops:
Orc:1 !   Orc:2 (([=

Annotations:
D:6 1 runed translucent door, bande's ghost, novice GrFi


Innate Abilities, Weirdness & Mutations

You have very sharp fingernails.
You sometimes emit foul miasma when damaged in melee.
You are mostly covered in razor-sharp scales. (AC +2, Slay +2)
A meltable shield of frost defends you. (SH +4)


Message History

The tarantella seems to slow down.
You feel a surge of magic.
You feel your power returning.
You kill the wolf spider!
You block the redback's attack. The demonic crawler closely misses you.
The demonic crawler hits you but does no damage.
The demonic crawler hits you!
The redback bites you but does no damage.
The pharaoh ant bites you!! The demonic crawler closely misses you.
The demonic crawler hits you but does no damage.
The demonic crawler closely misses you. The redback misses you.
You hear an angry hiss.
You have reached level 16!
You feel agile.
Unknown command.
Unknown command.
You draw a card...
You have drawn the Orb.
Press: ? - help, Shift-Dir - straight line, f - pharaoh ant, p - torpor snail
Aim: a pharaoh ant Your orb of destruction hits a rock wall.
The tarantella dies!
The pharaoh ant bites you!
You emit a cloud of foul miasma!
The demonic crawler hits you! x2; The demonic crawler barely misses you.
The redback bites you but does no damage.
The pharaoh ant bites you.
You feel drained.
The demonic crawler hits you but does no damage. x3
The redback bites you but does no damage.
The pharaoh ant bites you!
* * * LOW HITPOINT WARNING * * *
You feel drained.
* * * LOW HITPOINT WARNING * * *
The tarantella dies!
The redback bites you but does no damage.
The demonic crawler hits you!
* * * LOW HITPOINT WARNING * * *
The demonic crawler hits you.
* * * LOW HITPOINT WARNING * * *
The demonic crawler misses you. The pharaoh ant bites you!!
You die...
Your body disappears without a glow.

. #. # .. ..
.# .#>
#.#...†
s...# ##Bs#
#@# #ss☼s#
...sss#B#
<.....#ws†^.
).#.#..#.
..# . ##.#.
...... .. .
## #...
.#.#. #.#


You could see a torpor snail (slow, drained), a demonic crawler, 2 pharaoh ants,
a culicivora, a jumping spider, 2 tarantellas and 4 redbacks.

Vanquished Creatures
  Jorgrun (D:15)
  Asterion (Spider:1)
  Frances (Spider:1)
  A storm dragon (Gauntlet)
  A ghost moth (Spider:1)
  An orc warlord (Orc:1)
  A broodmother (Spider:1)
  Nessos (Lair:5)
  A spark wasp (Spider:1)
  A fire dragon (D:14)
  A rakshasa (D:15)
  6 hydras
  3 boulder beetles
  8 vault guards (D:13)
  4 centaur warriors
  A jorogumo (Spider:1)
  A death yak (Lair:6)
  A tengu warrior (D:14)
  6 two-headed ogres
  Urug (Lair:3)
  2 pharaoh ants
  5 skeletal warriors (D:15)
  A goliath frog (Lair:6)
  3 orb spiders (Spider:1)
  A glowing orange brain (D:15)
  4 lindwurms (Lair:5)
  An orc knight (Orc:1)
  A wizard (D:15)
  A harpy (D:12)
  9 ugly things
  6 cyclopes
  11 wolf spiders
  6 deep elf pyromancers
  4 deep elf zephyrmancers (Orc:2)
  5 orc sorcerers
  2 manticores
  4 torpor snails
  4 black mambas
  An eye of devastation (Gauntlet)
  A guardian serpent (D:15)
  2 elephants (Lair:6)
  4 gargoyles
  16 cane toads
  A demonic crawler (Lair:3)
  An efreet (D:15)
  A rime drake (shapeshifter) (D:15)
  7 komodo dragons
  8 rime drakes
  A komodo dragon (shapeshifter) (D:13)
  A queen bee (Gauntlet)
  8 trolls
  A tengu conjurer (D:14)
  7 meliai
  4 polar bears
  3 tyrant leeches (Lair:6)
  A polar bear (shapeshifter) (D:13)
  5 tarantellas
  22 blink frogs
  8 slime creatures
  A snapping turtle (Lair:2)
  6 jumping spiders
  Sigmund (D:6)
  8 culicivoras
  A shadow (D:12)
  4 vampires
  3 wraiths
  5 wyverns
  A centaur simulacrum (D:14)
  6 yaks
  2 basilisks
  14 steam dragons
  A golden eye (Gauntlet)
  12 redbacks
  7 vampire mosquitoes
  Menkaure (D:5)
  4 wargs
  An acid dragon (D:9)
  A floating eye (Gauntlet)
  20 orc warriors
  12 water moccasins
  A swamp drake (D:15)
  A hornet zombie (D:8)
  A sky beast (D:8)
  2 black bears (D:11)
  7 ogres
  10 centaurs
  6 wolves
  A phantom (D:7)
  A kobold brigand (Sewer)
  19 bullfrogs
  A wyvern zombie (D:5)
  A water moccasin zombie (D:7)
  A wyvern skeleton (D:6)
  6 scorpions (D:6)
  13 killer bees
  9 wights
  2 electric eels
  9 vampire bats
  8 howler monkeys
  11 wolf zombies (Bailey)
  2 centaur zombies
  A bullfrog zombie (D:5)
  2 hounds
  2 bullfrog skeletons (D:5)
  A jelly (D:6)
  17 orc priests
  3 iguanas
  24 orc wizards
  2 howler monkey zombies
  3 gnolls (D:2)
  13 adders
  3 howler monkey skeletons
  7 river rats (Sewer)
  2 white imps (D:6)
  3 adder zombies (D:3)
  A worm (D:5)
  4 dart slugs
  88 orcs
  2 endoplasms (D:1)
  7 giant cockroaches
  7 hobgoblins
  21 kobolds
  5 quokkas
  13 ball pythons
  14 bats
  3 frilled lizards
  6 goblins
  19 orc zombies (Bailey)
  A quokka skeleton (D:4)
  A quokka zombie (D:3)
  30 rats
  A bush (Lair:6)
744 creatures vanquished.

Vanquished Creatures (collateral kills)
  A ghost moth (Spider:1)
  Aizul (Spider:1)
  A boulder beetle (Spider:1)
  3 death yaks (Lair:6)
  A black mamba (Lair:6)
  A cane toad (Lair:6)
  A rime drake (Lair:6)
  A blink frog (Lair:6)
  A basilisk (Lair:6)
  A water moccasin (Lair:6)
  3 wolves (Gauntlet)
  A killer bee (D:9)
  2 orc priests (D:9)
  An orc wizard (D:9)
  3 orcs
22 creatures vanquished.

Vanquished Creatures (others)
  A rime drake (Lair:6)
  2 tarantellas (Spider:2)
  A killer bee (D:9)
  An orc wizard (Orc:2)
  An orc (Orc:2)
  70 fungi
  127 plants
203 creatures vanquished.

Grand Total: 969 creatures vanquished

Notes
Turn   | Place    | Note
-------+----------+-------------------------------------------
     0 | D:1      | porpoise the Demonspawn Gladiator began the quest for the
                  | Orb.
     0 | D:1      | Reached XP level 1. HP: 16/16 MP: 1/1
   486 | D:1      | Gained mutation: You may rarely emit foul miasma when
                  | damaged in melee. [demonic ancestry]
   486 | D:1      | Reached XP level 2. HP: 23/23 MP: 2/2
  1098 | D:2      | Reached XP level 3. HP: 9/28 MP: 3/3
  1743 | D:2      | Found a faded altar of an unknown god.
  1776 | D:2      | Gained mutation: You have sharp fingernails. [demonic
                  | ancestry]
  1776 | D:2      | Reached XP level 4. HP: 5/35 MP: 4/4
  1776 | D:2      | HP: 1/35 [gnoll (5)]
  3243 | D:3      | Found an opulent altar of Gozag.
  3337 | D:3      | Reached skill level 1 in Unarmed Combat
  3385 | D:3      | Found a basalt altar of Yredelemnul.
  3638 | D:4      | Identified the +8 quarterstaff "Onymelic" {vorpal, Str+5
                  | Dex+4}
  3695 | D:4      | Gained mutation: You sometimes emit foul miasma when
                  | damaged in melee. [demonic ancestry]
  3695 | D:4      | Reached XP level 5. HP: 6/42 MP: 5/5
  4036 | D:4      | Noticed an ogre
  4047 | D:4      | Killed an ogre
  4048 | D:4      | Reached skill level 2 in Unarmed Combat
  4870 | D:5      | Entered Level 5 of the Dungeon
  4919 | D:5      | Identified a scroll of acquirement
  4920 | D:5      | Acquired the ring "Xufuxer" {rPois Int+6}
  5078 | D:5      | Gained mutation: You are partially covered in razor-sharp
                  | scales. (AC +1, Slay +1) [demonic ancestry]
  5078 | D:5      | Reached XP level 6. HP: 32/49 MP: 6/6
  5269 | D:5      | Found a glowing drain.
  5295 | Sewer    | Entered a sewer
  5580 | Sewer    | Reached skill level 5 in Fighting
  5580 | Sewer    | Reached skill level 3 in Unarmed Combat
  6038 | Sewer    | Reached XP level 7. HP: 56/56 MP: 7/7
  6611 | D:5      | Reached skill level 4 in Unarmed Combat
  6655 | D:5      | Found a staircase to the Ecumenical Temple.
  6665 | D:5      | Reached skill level 1 in Staves
  6734 | Temple   | Entered the Ecumenical Temple
  6821 | Temple   | Became a worshipper of Nemelex Xobeh the Trickster
  6956 | D:5      | Noticed Menkaure
  6959 | D:5      | Killed Menkaure
  7088 | D:5      | Reached XP level 8. HP: 65/65 MP: 8/8
  7216 | D:6      | Reached skill level 5 in Unarmed Combat
  7347 | D:6      | Reached skill level 1 in Invocations
  7456 | D:6      | Found the +7 Singing Sword {vorpal, sonic wave}
  7543 | D:6      | Noticed Sigmund
  7554 | D:6      | Killed Sigmund
  7555 | D:6      | Reached skill level 6 in Unarmed Combat
  7850 | D:6      | Noticed bande's ghost (novice GrFi)
  7853 | D:6      | Found a runed translucent door.
  8508 | D:7      | Gained mutation: A meltable shield of frost defends you.
                  | (SH +4) [demonic ancestry]
  8508 | D:7      | Reached XP level 9. HP: 72/72 MP: 11/11
  8527 | D:6      | HP: 1/68 [wight (8)]
  8900 | D:7      | Reached skill level 5 in Staves
  8900 | D:7      | Reached skill level 7 in Unarmed Combat
  9197 | D:7      | Reached skill level 5 in Invocations
  9333 | D:7      | Reached * piety under Nemelex Xobeh
  9384 | D:7      | Reached skill level 1 in Evocations
  9387 | D:7      | Reached skill level 8 in Unarmed Combat
  9968 | D:6      | Reached skill level 1 in Armour
 10286 | D:8      | Gained mutation: You are mostly covered in razor-sharp
                  | scales. (AC +2, Slay +2) [demonic ancestry]
 10286 | D:8      | Reached XP level 10. HP: 76/79 MP: 13/13
 10740 | D:8      | Received a gift from Nemelex Xobeh
 10769 | D:8      | Found a shadowy altar of Dithmenos.
 11340 | D:9      | Reached ** piety under Nemelex Xobeh
 11347 | D:9      | Found a flagged portal.
 11382 | Bailey   | Entered a bailey
 11435 | Bailey   | Reached skill level 9 in Unarmed Combat
 12091 | Bailey   | Found the +4 moon troll leather armour {Spirit, Regen++
                  | MP+5}
 12329 | Bailey   | Noticed a gargoyle
 12338 | Bailey   | Killed a gargoyle
 12374 | Bailey   | Identified the +9 falchion "Casieschu" {vorpal, rC++}
 12379 | Bailey   | Identified the +4 chain mail "Ijidwech" {rElec rPois Int+3}
 12591 | D:9      | Reached skill level 5 in Armour
 13016 | D:9      | Received a gift from Nemelex Xobeh
 13288 | D:10     | Entered Level 10 of the Dungeon
 13322 | D:10     | Noticed a two-headed ogre
 13338 | D:10     | Killed a two-headed ogre
 13383 | D:10     | Reached *** piety under Nemelex Xobeh
 13443 | D:10     | Received a gift from Nemelex Xobeh
 13493 | D:10     | Learned a level 5 spell: Borgnjor's Vile Clutch
 13570 | D:10     | Reached skill level 10 in Unarmed Combat
 13592 | D:10     | Received a gift from Nemelex Xobeh
 13670 | D:10     | Noticed a gargoyle
 13682 | D:10     | Killed a gargoyle
 13683 | D:10     | Reached XP level 11. HP: 52/84 MP: 10/14
 13837 | D:10     | Noticed a two-headed ogre
 13838 | D:10     | Killed a two-headed ogre
 13946 | D:10     | Reached **** piety under Nemelex Xobeh
 14365 | D:11     | Reached skill level 5 in Evocations
 14586 | D:11     | Received a gift from Nemelex Xobeh
 14907 | D:11     | Reached skill level 5 in Dodging
 14930 | D:11     | Found a staircase to the Lair.
 14932 | D:11     | Reached ***** piety under Nemelex Xobeh
 14932 | D:11     | Received a gift from Nemelex Xobeh
 15080 | D:11     | Noticed a two-headed ogre
 15092 | D:11     | Killed a two-headed ogre
 15098 | D:11     | Noticed a two-headed ogre
 15112 | D:11     | Killed a two-headed ogre
 15298 | D:11     | Noticed a red ugly thing
 15311 | D:11     | Killed a red ugly thing
 15312 | D:11     | Reached skill level 11 in Unarmed Combat
 15358 | D:11     | Received a gift from Nemelex Xobeh
 15944 | D:12     | Received a gift from Nemelex Xobeh
 15963 | D:12     | Noticed a two-headed ogre
 15972 | D:12     | Killed a two-headed ogre
 16237 | D:12     | Found a staircase to the Orcish Mines.
 16477 | D:12     | Received a gift from Nemelex Xobeh
 16530 | D:12     | Noticed a harpy
 16530 | D:12     | a meliai changed into a harpy
 16537 | D:12     | Killed a harpy
 17053 | Lair:1   | Entered Level 1 of the Lair of Beasts
 17299 | Lair:1   | Reached XP level 12. HP: 55/94 MP: 15/17
 17371 | Lair:1   | Received a gift from Nemelex Xobeh
 17452 | Lair:1   | Found a gate leading to a gauntlet.
 17474 | Gauntlet | Entered a Gauntlet
 17474 | Gauntlet | Found a transporter.
 17484 | Gauntlet | Found a transporter.
 17499 | Gauntlet | Found a transporter.
 17504 | Gauntlet | Found a transporter.
 17507 | Gauntlet | Noticed a reaper
 17519 | Gauntlet | Found a transporter.
 17538 | Gauntlet | Found a transporter.
 17550 | Gauntlet | Found a transporter.
 17550 | Gauntlet | Noticed a blizzard demon
 17556 | Gauntlet | Found a transporter.
 17568 | Gauntlet | Found a transporter.
 17583 | Gauntlet | Found a transporter.
 17591 | Gauntlet | Noticed a boulder beetle
 17591 | Gauntlet | a boulder beetle changed into something unseen
 17592 | Gauntlet | Noticed an emperor scorpion
 17593 | Gauntlet | Noticed a great orb of eyes
 17593 | Gauntlet | an emperor scorpion changed into a great orb of eyes
 17594 | Gauntlet | Noticed an alligator
 17594 | Gauntlet | a great orb of eyes changed into an alligator
 17595 | Gauntlet | Found a transporter.
 17600 | Gauntlet | Noticed an entropy weaver
 17600 | Gauntlet | an alligator changed into an entropy weaver
 17631 | Gauntlet | Found a transporter.
 17637 | Gauntlet | Found a transporter.
 17677 | Gauntlet | Found a transporter.
 17722 | Gauntlet | Found a transporter.
 17722 | Gauntlet | Found a transporter.
 17750 | Gauntlet | Noticed a bunyip
 17750 | Gauntlet | a goliath frog changed into a bunyip
 17752 | Gauntlet | Noticed an alligator
 17752 | Gauntlet | a bunyip changed into an alligator
 17758 | Gauntlet | Found a transporter.
 17760 | Gauntlet | Noticed a jorogumo
 17760 | Gauntlet | an alligator changed into a jorogumo
 17762 | Gauntlet | a jorogumo changed into a slime creature
 17778 | Gauntlet | Noticed an eight-headed hydra
 17778 | Gauntlet | a swamp worm changed into an eight-headed hydra
 17780 | Gauntlet | Noticed a radroach
 17780 | Gauntlet | an eight-headed hydra changed into a radroach
 17783 | Gauntlet | Noticed a broodmother
 17783 | Gauntlet | a radroach changed into a broodmother
 17786 | Gauntlet | Noticed a satyr
 17786 | Gauntlet | a broodmother changed into a satyr
 17788 | Gauntlet | Noticed an azure jelly
 17788 | Gauntlet | a satyr changed into an azure jelly
 17792 | Gauntlet | Noticed an eleionoma
 17792 | Gauntlet | an azure jelly changed into an eleionoma
 17793 | Gauntlet | Noticed a fire giant
 17793 | Gauntlet | an eleionoma changed into a fire giant
 17794 | Gauntlet | Noticed an eleionoma
 17794 | Gauntlet | a fire giant changed into an eleionoma
 17795 | Gauntlet | Noticed a shadow dragon
 17795 | Gauntlet | an eleionoma changed into a shadow dragon
 17803 | Gauntlet | Noticed a caustic shrike
 17803 | Gauntlet | a shadow dragon changed into a caustic shrike
 17805 | Gauntlet | Noticed an iron dragon
 17805 | Gauntlet | a caustic shrike changed into an iron dragon
 17806 | Gauntlet | Noticed a golden dragon
 17806 | Gauntlet | an iron dragon changed into a golden dragon
 17811 | Gauntlet | Noticed a fire giant
 17811 | Gauntlet | a golden dragon changed into a fire giant
 17812 | Gauntlet | Found a transporter.
 17814 | Gauntlet | Noticed a catoblepas
 17814 | Gauntlet | a fire giant changed into a catoblepas
 17816 | Gauntlet | Noticed an azure jelly
 17816 | Gauntlet | a catoblepas changed into an azure jelly
 17826 | Gauntlet | Received a gift from Nemelex Xobeh
 17919 | Gauntlet | Identified the +6 shortbow of Ygaukaofy {vorpal, rPois
                  | Dex+2}
 18019 | Gauntlet | Identified the ring of Darkness {rF+ Str+4 SInv}
 18100 | Gauntlet | Identified the amulet of Joskoes {Reflect rF- Regen+ Str+4
                  | SH+5}
 18113 | Gauntlet | Noticed a minotaur
 18117 | Gauntlet | Noticed a storm dragon
 18117 | Gauntlet | a minotaur changed into a storm dragon
 18125 | Gauntlet | Killed a storm dragon
 18126 | Gauntlet | Reached skill level 12 in Unarmed Combat
 18311 | Lair:1   | Received a gift from Nemelex Xobeh
 18536 | Lair:1   | You fall into a shaft and drop 1 floor!
 19420 | Lair:1   | Acquired the ring of Wiutefuwn {AC+4 Dex+4 SInv}
 19503 | Lair:2   | Reached ****** piety under Nemelex Xobeh
 19529 | Lair:2   | Received a gift from Nemelex Xobeh
 19545 | Lair:2   | Acquired the amulet "Lyfeised" {Spirit rF+++ rCorr Slay+5
                  | Stlth-}
 19724 | Lair:2   | Found a staircase to the Shoals.
 19838 | Lair:2   | Received a gift from Nemelex Xobeh
 20023 | Lair:2   | Reached skill level 10 in Fighting
 20035 | Lair:2   | Identified the +0 ring mail of Infinity {Str+2}
 20756 | Lair:3   | Received a gift from Nemelex Xobeh
 20857 | Lair:3   | Received a gift from Nemelex Xobeh
 21111 | Lair:3   | Found a hole to the Spider Nest.
 21138 | Lair:3   | Noticed Urug
 21144 | Lair:3   | Killed Urug
 21475 | Lair:3   | Noticed a six-headed hydra
 21483 | Lair:3   | Killed a six-headed hydra
 21791 | Lair:3   | Received a gift from Nemelex Xobeh
 22656 | Lair:4   | Received a gift from Nemelex Xobeh
 23253 | Lair:5   | Noticed Nessos
 23256 | Lair:5   | Killed Nessos
 23328 | Lair:5   | Reached XP level 13. HP: 94/106 MP: 19/19
 23468 | Lair:5   | Received a gift from Nemelex Xobeh
 23518 | Lair:5   | Reached skill level 1 in Bows
 24603 | D:13     | Found a gate to the Vaults.
 25383 | D:14     | Noticed a fire dragon
 25396 | D:14     | Killed a fire dragon
 25634 | D:14     | Received a gift from Nemelex Xobeh
 26228 | D:14     | Learned a level 2 spell: Wereblood
 26640 | D:15     | Entered Level 15 of the Dungeon
 26770 | D:15     | Reached XP level 14. HP: 69/115 MP: 12/20
 26884 | D:15     | Received a gift from Nemelex Xobeh
 27186 | D:15     | Found a staircase to the Depths.
 27307 | D:15     | Noticed Jorgrun
 27325 | D:15     | Killed Jorgrun
 27606 | D:15     | Reached skill level 5 in Bows
 27838 | D:15     | Reached skill level 10 in Invocations
 28081 | D:15     | Received a gift from Nemelex Xobeh
 28505 | Orc:1    | Entered Level 1 of the Orcish Mines
 28676 | Orc:1    | Found Wufuaram's Distillery.
 28684 | Orc:1    | Bought a potion of heal wounds for 55 gold pieces
 28684 | Orc:1    | Bought a potion of berserk rage for 55 gold pieces
 28684 | Orc:1    | Bought a potion of invisibility for 88 gold pieces
 28942 | Orc:1    | Received a gift from Nemelex Xobeh
 29082 | Orc:2    | Entered Level 2 of the Orcish Mines
 29093 | Orc:2    | Found Jike's Jewellery Boutique.
 29275 | Orc:2    | Found a staircase to the Elven Halls.
 29357 | Orc:2    | Found Xahoirghe's Weapon Shoppe.
 29368 | Orc:2    | Bought the +3 sling "Punk" {acid, rCorr} for 976 gold
                  | pieces
 29368 | Orc:2    | Found the +3 sling "Punk" {acid, rCorr}
 29897 | Orc:2    | Reached skill level 1 in Slings
 30469 | Orc:2    | Paralysed by an orc sorcerer for 5 turns
 30491 | Orc:2    | Noticed an orc warlord
 30775 | Orc:1    | Killed an orc warlord
 31090 | Orc:2    | Found Tal Weipn's Antique Armour Shoppe.
 31094 | Orc:2    | Found Pataotynoc's Antique Weapon Emporium.
 31248 | Orc:2    | Bought a creamy pearl robe for 176 gold pieces
 31248 | Orc:2    | Identified the +1 robe of Inekhej {Regen+} (You bought it
                  | in a shop on level 2 of the Orcish Mines)
 31248 | Orc:2    | Bought a distressingly furry robe for 176 gold pieces
 31248 | Orc:2    | Identified the +2 robe of Indecent Exposure {Harm rElec
                  | Int+4 Dex-4} (You bought it in a shop on level 2 of the
                  | Orcish Mines)
 31508 | Lair:6   | Entered Level 6 of the Lair of Beasts
 31592 | Lair:6   | Reached skill level 1 in Spellcasting
 32189 | Lair:6   | Gained mutation: You have very sharp fingernails. [demonic
                  | ancestry]
 32189 | Lair:6   | Reached XP level 15. HP: 100/120 MP: 19/23
 32252 | Lair:6   | Identified the +11 hand axe of Xomol {flame, rF+ Str+2}
 32268 | Lair:6   | Reached skill level 5 in Slings
 32359 | Lair:6   | Received a gift from Nemelex Xobeh
 32667 | Lair:6   | Found a staircase to the Slime Pits.
 32848 | Lair:6   | Reached skill level 13 in Unarmed Combat
 32848 | Lair:6   | Reached skill level 1 in Transmutations
 33204 | Lair:6   | Identified the +0 leather armour of Qazlal's Regard {rF+
                  | Stlth+}
 33207 | Lair:6   | Identified the +5 scale mail "Cacun" {Rampage rC+}
 33324 | Lair:6   | Received a gift from Nemelex Xobeh
 33931 | Spider:1 | Entered Level 1 of the Spider Nest
 34005 | Spider:1 | Reached skill level 1 in Shields
 34011 | Spider:1 | Identified the +9 scale mail "Raikuoc" {Regen+ Int+2}
 34195 | Spider:1 | Noticed Asterion
 34429 | Spider:1 | Killed Asterion
 34610 | Spider:1 | Noticed Frances
 34623 | Spider:1 | Killed Frances
 35137 | Spider:1 | Reached skill level 1 in Stealth
 35483 | Spider:1 | Noticed Aizul
 35501 | Spider:1 | Killed Aizul
 35766 | Spider:1 | Reached skill level 5 in Shields
 35942 | Spider:2 | Reached XP level 16. HP: 64/127 MP: 17/25
 35943 | Spider:2 | Slain by a pharaoh ant

Illustrated notes

Levels and vault maps discovered:
D:1:      dpeg_arrival_fog, layout_loops_ring, minivault_27
D:2:      layout_loops_ring, ebering_ecumenical_altar_abandoned,
          minmay_tromino_i2
D:3:      layout_loops_ring, pdpol_temple_overflow_zin_treasury_gozag_greed,
          nicolae_yredelemnul_corpse_copse, minmay_bisected
D:4:      layout_layer_cave, kennysheep_generic_room_13
D:5:      layout_loops_ring, minmay_temple_entry_large_hall,
          portal_sewer_entry_f, minivault_25, nicolae_sextant, uniq_menkaure
D:6:      old_forge, layout_loops_ring, hellmonk_ghost_happy_afterlife,
          uniq_sigmund
D:7:      layout_gridville, minmay_fractal_squares_diagonal_5
D:8:      layout_rooms, lemuel_tele_altar, kennysheep_nub
D:9:      layout_small_grid, serial_glass, glass_columns_c, glass_columns_b,
          glass_columns_a, glass_columns_b, enter_bailey_4
D:10:     layout_long_grid
D:11:     layout_layer_cave, due_lair_maze_entry_diamond
D:12:     layout_roguey, erik_orc_3, eino_jars
D:13:     layout_roguey, erik_vaults_2
D:14:     layout_stronghold, minivault_19, lemuel_flamethrower_1
D:15:     gammafunk_enter_depths_forms, layout_loops_ring,
          nicolae_twisting_strands, uniq_jorgrun
Temple:   mainiacjoe_temple_coin_purse
Lair:1:   layout_layer_cave, gauntlet_entry_generic
Lair:2:   layout_regular_city, minmay_shoals_entry_hut, roderic_batcave,
          nicolae_quartered_pool_medium, serial_bayou_shore_a,
          infiniplex_staircase_pool
Lair:3:   wad_woods_structure_01, layout_layer_cave, spider_nest_entry_a,
          uniq_urug
Lair:4:   layout_cave_pods
Lair:5:   layout_loops_ring, st_stairs_7, minmay_lindwurm_lava, uniq_nessos
Lair:6:   minmay_lair_end_frog_pond, layout_regular_city, slime_dummy,
          bobbens_dragon_lair_wall, infiniplex_staircase_pool_2
Spider:1: layout_spider_delve, uniq_frances, uniq_aizul, uniq_asterion
Spider:2: layout_spider_delve, nicolae_spider_webbed_stairs
Orc:1:    layout_caves, serial_shops, nicolae_shop_hallway_plus
Orc:2:    grunt_orc_community_town_hall, layout_diamond_mine,
          grunt_orc_community_big_house_1, grunt_orc_community_big_house_1,
          grunt_orc_community_house_1, grunt_orc_community_house_1,
          grunt_orc_community_house_3, grunt_orc_community_house_2,
          grunt_orc_community_house_2, basic_altar, elves_outpost_lemuel

Skill      XL: |  1  2  3  4  5  6  7  8  9 10 11 12 13 14 15 |
---------------+----------------------------------------------+-----
Polearms       | 3 4 |  4.0
Fighting       | 3 4 5 6 7 8 11 12 | 12.2
Unarmed Combat | 1 2 3 4 6 8 10 11 12 13 | 13.1
Staves         | 2 4 5 |  5.3
Invocations    | 3 5 7 9 11 12 | 12.0
Evocations     | 2 4 5 |  5.5
Armour         | 2 5 7 9 |  9.0
Dodging        | 3 5 7 9 |  9.0
Bows           | 4 6 |  6.0
Slings         | 4 7 |  7.8
Spellcasting   | 1 3 |  3.0
Transmutations | 4 |  4.1
Shields        | 5 |  5.3
Stealth        | 3 |  3.3
Throwing       | |  1.7

Action                   |  1- 3 |  4- 6 |  7- 9 | 10-12 | 13-15 | 16-18 || total
-------------------------+-------+-------+-------+-------+-------+-------++-------
Melee: Trident           |   107 |    78 |       |       |       |       ||   185
       Quarterstaff      |       |    95 |   204 |   133 |       |       ||   432
       Unarmed           |       |       |       |   376 |   732 |       ||  1108
       Punch             |       |       |       |    24 |    76 |       ||   100
 Fire: Hunting sling     |       |       |    45 |   209 |       |       ||   254
       Shortbow          |       |       |       |    45 |       |       ||    45
       Longbow           |       |       |       |       |   178 |       ||   178
       Fustibalus        |       |       |       |       |   239 |       ||   239
Throw: Throwing net      |       |     3 |     3 |       |       |       ||     6
       Dart              |       |       |    12 |     3 |     6 |       ||    21
Invok: Draw Destruction  |       |       |       |    32 |    38 |     1 ||    71
       Draw Summoning    |       |       |       |     5 |     6 |       ||    11
       Triple Draw       |       |       |       |     1 |     2 |       ||     3
       Draw Escape       |       |       |       |       |     4 |       ||     4
       Stack Five        |       |       |       |       |     1 |       ||     1
       Draw Stack        |       |       |       |       |     2 |       ||     2
Evoke: Wand              |       |       |       |     6 |       |       ||     6
  Use: Potion            |       |     1 |     3 |     1 |     6 |       ||    11
       Scroll            |       |     9 |     4 |    17 |     7 |       ||    37
 Stab: Sleeping          |     2 |     2 |       |       |       |       ||     4
       Held in net/web   |       |       |     2 |       |       |       ||     2
       Paralysed         |       |       |       |     2 |       |       ||     2
       Petrified         |       |       |       |       |     7 |       ||     7
Armor: Leather armour    |    27 |    12 |       |       |       |       ||    39
       Ring mail         |       |    34 |    40 |       |       |       ||    74
       Scale mail        |       |       |    13 |       |    97 |     6 ||   116
       Steam dragon scal |       |       |    25 |    27 |       |       ||    52
       Troll leather arm |       |       |       |   154 |   226 |       ||   380
Dodge: Dodged            |    49 |    77 |   143 |   312 |   739 |     2 ||  1322
Block: Other             |       |       |    13 |    79 |   111 |       ||   203
       Kite shield       |       |       |       |       |    39 |       ||    39

Table legend: (Time is in decaauts)
 A = Elapsed time spent in this place.
 B = Non-inter-level travel time spent in this place.
 C = Inter-level travel time spent in this place.
 D = Time resting spent in this place.
 E = Time spent auto-exploring this place.
 F = Levels seen in this place.
 G = Mean time per level.
                   A        B        C        D        E       F      G
               +--------+--------+--------+--------+--------+-----+--------+
         Total |  35860 |  33901 |   1959 |   8836 |  17120 |  29 | 1236.6 |
       Dungeon |  19148 |  18089 |   1059 |   5314 |   9744 |  15 | 1276.5 |
        Temple |     97 |     87 |     10 |      0 |     67 |   1 |   97.0 |
          Lair |   9644 |   9056 |    588 |   1885 |   5105 |   6 | 1607.3 |
   Spider Nest |   1323 |   1311 |     12 |    383 |    561 |   2 |  661.5 |
  Orcish Mines |   2649 |   2361 |    288 |    457 |   1292 |   2 | 1324.5 |
         Sewer |   1097 |   1097 |      0 |    394 |    127 |   1 | 1097.0 |
        Bailey |   1144 |   1144 |      0 |    386 |     28 |   1 | 1144.0 |
      Gauntlet |    754 |    754 |      0 |     16 |    193 |   1 |  754.0 |
               +--------+--------+--------+--------+--------+-----+--------+

Top non-repeatable levels by time:
  Lair:3: 2319 daAuts
     D:6: 2125 daAuts
  Lair:1: 2049 daAuts
    D:11: 1785 daAuts
  Lair:6: 1710 daAuts
    D:15: 1661 daAuts
   Orc:2: 1594 daAuts
     D:2: 1463 daAuts
     D:4: 1440 daAuts
  Lair:5: 1401 daAuts
    D:12: 1336 daAuts
Spider:1: 1298 daAuts
    D:14: 1235 daAuts
  Lair:2: 1191 daAuts
  Bailey: 1144 daAuts
